 Dungeon Crawl Stone Soup version 0.22-a0-553-g9358b0b (webtiles) character file.

87 iamserjio the Shield-Bearer (level 4, 0/28 HPs)
             Began as a Gargoyle Fighter on June 25, 2018.
             Slain by an adder (3 damage)
             ... on level 4 of the Dungeon.
             The game lasted 00:04:29 (648 turns).

iamserjio the Shield-Bearer (Gargoyle Fighter)       Turns: 648, Time: 00:04:29

Health: 0/28       AC: 10    Str: 20    XL:     4   Next: 51%
Magic:  4/4        EV:  7    Int: 13    God:
Gold:   97         SH:  9    Dex: 10    Spells: 3/3 levels left

rFire    . . .     SeeInvis .   a - +0 war axe
rCold    . . .     Gourm    .   c - +0 shield
rNeg     + . .     Faith    .   b - +0 scale mail
rPois    ∞         Spirit   .   (no helmet)
rElec    +         Reflect  .   (no cloak)
rCorr    .         Harm     .   (no gloves)
MR       .....                  (no boots)
Stlth    ..........             (no amulet)
HPRegen  0.09/turn              (no ring)
MPRegen  0.09/turn              (no ring)

@: brilliant
A: negative energy resistance 1, electricity resistance, unbreathing,
petrification resistance, rot immunity, AC +3
a: no special abilities


You were on level 4 of the Dungeon.
You were not hungry.

You visited 1 branch of the dungeon, and saw 4 of its levels.

You collected 97 gold pieces.

Inventory:

Hand Weapons
 a - a +0 war axe (weapon)
Armour
 b - a +0 scale mail (worn)
 c - a +0 shield (worn)
Scrolls
 e - a scroll of amnesia {unknown}
 g - 2 scrolls of identify {unknown}
 h - a scroll of enchant armour {unknown}
 i - a scroll of teleportation {unknown}
 j - a scroll of enchant weapon {unknown}
 k - 2 scrolls of remove curse {unknown}
Potions
 d - a potion of might
Comestibles
 f - 3 rations


   Skills:
 - Level 3.2 Fighting
 * Level 3.2 Axes
 + Level 4.0 Armour
 - Level 4.0 Shields


You had 3 spell levels left.
You didn't know any spells.
Your spell library was empty.

Dungeon Overview and Level Annotations

Branches:
Dungeon (4/15)
 Temple: D:4-7

Altars:
Qazlal


Innate Abilities, Weirdness & Mutations

You are resistant to torment.
Your stone body is resilient. (AC +3)
You are immune to poison.
You resist negative energy. (rN+)
You are resistant to electric shocks. (rElec)
You can survive without breathing.
You are immune to petrification.
You are immune to rotting.


Message History

You barely miss the adder. The adder bites you but does no damage.
The adder bites you.
* * * LOW HITPOINT WARNING * * *
Your shield and scale mail prevent you from hitting the adder.
The adder bites you but does no damage. You block the adder's attack.
It was a potion of curing.
You feel better. The adder bites you but does no damage.
You closely miss the adder. You block the adder's attack.
The adder closely misses you.
You miss the adder. You block the adder's attack. The adder bites you.
* * * LOW HITPOINT WARNING * * *
You closely miss the adder. You block the adder's attack. The adder bites you.
* * * LOW HITPOINT WARNING * * *
You hit the adder.
The adder is lightly wounded.
The adder barely misses you. You block the adder's attack.
It was a potion of brilliance.
You feel clever all of a sudden. The adder bites you.
You die...

.... ##.......# .....
#........# ...#.
##.###.#### ##...####
#..###.######
........###.##.........
#......................
. ..###...###.)#........
...[###.#.###.##.####.##
......S@..#...##.# .#
...###.#......##.# #
..........##.#
#...#......##.#
#..##(....## |# <..
#.##.## ?###....#.# .#
.##...#


You could see an adder.

Vanquished Creatures
  2 gnolls (D:3)
  3 adders (D:3)
  2 worms (D:2)
  2 leopard geckos
  An orc (D:4)
  A giant cockroach (D:2)
  4 goblins
  4 hobgoblins
  2 kobolds (D:3)
  3 quokkas (D:3)
  4 bats
  A frilled lizard (D:2)
  4 rats
33 creatures vanquished.

Notes
Turn   | Place    | Note
-------+----------+-------------------------------------------
     0 | D:1      | iamserjio the Gargoyle Fighter began the quest for the Orb.
     0 | D:1      | Reached XP level 1. HP: 14/14 MP: 1/1
   217 | D:2      | Reached XP level 2. HP: 17/19 MP: 2/2
   337 | D:2      | Reached XP level 3. HP: 20/23 MP: 3/3
   529 | D:3      | Found a stormy altar of Qazlal.
   548 | D:3      | Reached XP level 4. HP: 12/28 MP: 4/4
   648 | D:4      | Slain by an adder

Vault maps used:
D:1:      minmay_arrival_nine_rooms
D:2:      zin_academy
D:3:      wad_woods_stonehenge, grunt_temple_overflow_opulence,
          marbit_many_paths
D:4:      temple_fountains

Skill      XL: |  1  2  3  4 |
---------------+-------------+-----
Axes           | 2 3 |  3.2
Shields        | 4 |  4.0
Armour         | 4 |  4.0
Fighting       | |  3.2

Action                   |  1- 3 |  4- 6 || total
-------------------------+-------+-------++-------
Melee: War axe           |    91 |    33 ||   124
  Use: Potion            |       |     2 ||     2
Armor: Scale mail        |    58 |    15 ||    73
Dodge: Dodged            |    29 |    13 ||    42
Block: Shield            |    37 |    16 ||    53

Table legend:
 A = Spawn XP
 B = Non-spawn XP
 C = Spawn XP percentage of total XP
 D = Spawn monster count
 E = Non-spawn monster count
 F = Spawn count percentage of total count
 G = Total turns spent on level
                    A         B        C        D         E        F      G
               +---------+---------+-------+---------+---------+-------+---------
         Total |       0 |     125 |   0.0 |       0 |      33 |   0.0 |   648
               +---------+---------+-------+---------+---------+-------+---------
           D:1 |       0 |       8 |   0.0 |       0 |       4 |   0.0 |   206
           D:2 |       0 |      24 |   0.0 |       0 |      11 |   0.0 |   171
           D:3 |       0 |      90 |   0.0 |       0 |      17 |   0.0 |   232
           D:4 |       0 |       3 |   0.0 |       0 |       1 |   0.0 |    39
               +---------+---------+-------+---------+---------+-------+---------
